 Dungeon Crawl Stone Soup version 0.29.1-12-g30fa7ad0bf (webtiles) character file.

Game seed: 16926097633777142888

20 kingofthe the Caller (level 2, 0/19 HPs)
             Began as a Merfolk Summoner on Jan 14, 2023.
             Slain by a quokka (4 damage)
             ... on level 1 of the Dungeon.
             The game lasted 00:03:18 (866 turns).

kingofthe the Caller (Merfolk Summoner)              Turns: 866, Time: 00:03:19

Health: 0/19       AC:  2    Str:  8    XL:     2   Next: 79%
Magic:  3/5        EV: 13    Int: 14    God:
Gold:   41         SH:  0    Dex: 14    Spells: 4/5 levels left

rFire   . . .      SeeInvis .   a - +0 dagger
rCold   . . .      Faith    .   (no shield)
rNeg    . . .      Spirit   .   d - +0 robe
rPois   .          Reflect  .   (no helmet)
rElec   .          Harm     .   (no cloak)
rCorr   .          Rampage  .   (no gloves)
Will    +....                   (no boots)
Stlth   ++........              (no amulet)
HPRegen 0.06/turn               i - ring of willpower
MPRegen 0.09/turn               (no ring)

@: no status effects
A: (nimble swimmer 2), mertail
a: no special abilities


You were on level 1 of the Dungeon.
You visited 1 branch of the dungeon, and saw 1 of its levels.

You collected 41 gold pieces.

Inventory:

Hand Weapons
 a - a +0 dagger (weapon)
 b - a +0 sling
Missiles
 c - 11 stones
Armour
 d - a +0 robe (worn)
Jewellery
 i - a ring of willpower (left hand)
Scrolls
 f - a scroll of identify {unknown}
Potions
 e - a potion of magic
 g - 2 potions of curing {unknown}
 h - a potion of berserk rage {unknown}


   Skills:
 + Level 3.1 Dodging
 * Level 2.9 Stealth
 + Level 2.2 Spellcasting
 + Level 4.1 Summonings


You had 4 spell levels left.
You knew the following spells:

 Your Spells              Type           Power      Damage    Failure   Level
a - Summon Small Mammal   Summ           52%        N/A       4%          1

Your spell library contained the following spells:

 Spells                   Type           Power      Damage    Failure   Level
 Call Imp                 Summ           13%        N/A       6%          2
 Call Canine Familiar     Summ           13%        N/A       13%         3
 Summon Guardian Golem    Hex/Summ       7%         N/A       30%         3
 Inner Flame              Hex/Fire       1%         N/A       56%         3
 Summon Lightning Spire   Summ/Air       7%         N/A       69%         4
 Cause Fear               Hex            0%         N/A       93%         4
 Discord                  Hex            0%         N/A       100%        8


Dungeon Overview and Level Annotations

Branches:
Dungeon (1/15)

Altars:


Innate Abilities, Weirdness & Mutations

((You are very nimble when in or above water. (Stealth+, EV+, Speed+++)))
Your lower body shifts to a powerful aquatic tail in water.


Message History

The endoplasm is moderately wounded.
The quokka closely misses you. The hobgoblin hits you.
The endoplasm closely misses you.
Your rat bites the endoplasm.
You hit the endoplasm.
You kill the endoplasm!
The quokka bites you. The hobgoblin closely misses you.
The quokka barely misses you.
Casting: Summon Small Mammal (safe; 4% risk of failure)
Confirm with . or Enter, or press ? or * to list all spells.
The quokka misses you. The hobgoblin barely misses you.
Your rat bites the quokka.
You are too injured to fight recklessly!
You are too injured to fight recklessly!
You are too injured to fight recklessly!
The hobgoblin attacks as you move away! The hobgoblin misses you.
Your quokka bites the hobgoblin but does no damage.
Your rat bites the quokka.
You barely miss the quokka.
The quokka is moderately wounded.
The quokka misses you.
Your quokka closely misses the hobgoblin.
Your rat misses the quokka. You miss the quokka.
The quokka is moderately wounded.
The quokka misses you.
Your quokka misses the hobgoblin.
Your rat barely misses the quokka.
The quokka bites you.
You closely miss the quokka.
The quokka is moderately wounded.
Your quokka barely misses the hobgoblin.
The quokka closely misses you.
Your rat closely misses the quokka.
You hit the quokka but do no damage.
The quokka is moderately wounded.
Your quokka barely misses the hobgoblin.
The quokka bites you.
* * * LOW HITPOINT WARNING * * *
Your rat barely misses the quokka.
Your quokka bites the hobgoblin.
You closely miss the quokka.
The quokka is moderately wounded.
The quokka bites you.
You die...

......##.##. ##.........
## ####....### #####.
#.........# #.....#
##.......... .......##
#........... ......r.#
##...........
.......g######............
.......rr@.....#........##
......r.########....).....
........# #........##
......>.# #........#
.......## #........#
#.....# ########## ######


You could see 2 quokkas, a hobgoblin (ally target), a friendly quokka (summoned)
and a friendly rat (summoned).

Vanquished Creatures
  4 endoplasms (D:1)
  2 goblins (D:1)
  A rat (D:1)
7 creatures vanquished.

Vanquished Creatures (collateral kills)
  A dart slug (D:1)
  A bat (D:1)
  An endoplasm (D:1)
  A goblin (D:1)
  A hobgoblin (D:1)
  A frilled lizard (D:1)
  A kobold (D:1)
  2 rats (D:1)
9 creatures vanquished.

Grand Total: 16 creatures vanquished

Notes
Turn   | Place    | Note
-------+----------+-------------------------------------------
     0 | D:1      | kingofthe the Merfolk Summoner began the quest for the Orb.
     0 | D:1      | Reached XP level 1. HP: 13/13 MP: 3/3
   361 | D:1      | Reached XP level 2. HP: 8/19 MP: 3/5
   866 | D:1      | Slain by a quokka

Illustrated notes

Levels and vault maps discovered:
D:1:      dpeg_arrival_rhombi, layout_rooms

Skill      XL: |  1  2 |
---------------+-------+-----
Dodging        | 3 |  3.1
Stealth        | |  2.9
Spellcasting   | |  2.2
Summonings     | |  4.1

Action                   || total
-------------------------++-------
Melee: Dagger            ||    33
       Sling             ||     4
 Fire: Sling             ||     4
 Cast: Summon Small Mamm ||    10
 Stab: Sleeping          ||     1
Armor: Robe              ||    12
Dodge: Dodged            ||    31
